 Dungeon Crawl Stone Soup version 0.30-a0-778-g2ef04afb54 (webtiles) character file.

Game seed: 5312518583776248505

28 pleonasm the Ducker (level 3, -1/28 HPs)
             Began as a Demonspawn Gladiator on Feb 16, 2023.
             Succumbed to a kobold's poison
             ... on level 2 of the Dungeon.
             The game lasted 00:05:54 (784 turns).

pleonasm the Ducker (Demonspawn Gladiator)           Turns: 784, Time: 00:05:55

Health: -1/28      AC:  4    Str: 14    XL:     3   Next: 0%
Magic:  3/3        EV: 12    Int:  9    God:
Gold:   14         SH:  0    Dex: 16    Spells: 2/2 levels left

rFire   + . .      SeeInvis .    a - +0 long sword
rCold   + . .      Faith    .    (no shield)
rNeg    . . .      Spirit   .    b - +0 leather armour
rPois   +          Reflect  .    c - +0 helmet
rElec   +          Harm     .    (no cloak)
rCorr   +          Rampage  .    (no gloves)
Will    .....                    (no boots)
Stlth   +                        (no amulet)
HPRegen 0.24/turn                (no ring)
MPRegen 0.08/turn                (no ring)

@: mighty, lethally poisoned (-1 -> -9), resistant
A: spiny 2
a: no special abilities


You were on level 2 of the Dungeon.
You visited 1 branch of the dungeon, and saw 2 of its levels.

You collected 14 gold pieces.

Inventory:

Hand Weapons
 a - a +0 long sword (weapon)
Missiles
 d - 3 throwing nets
 e - a javelin
 g - 2 stones (quivered)
Armour
 b - a +0 leather armour (worn)
 c - a +0 helmet (worn)
Scrolls
 i - a scroll of blinking {unknown}
 j - a scroll of summoning {unknown}
 k - a scroll of identify {unknown}
 l - a scroll of teleportation {unknown}
 m - a scroll of amnesia {unknown}
 o - a scroll of poison {unknown}
Potions
 n - a potion of invisibility {unknown}


   Skills:
 + Level 2.5 Fighting
 + Level 3.0 Long Blades
 - Level 2.0 Throwing
 + Level 3.1 Dodging


You had 2 spell levels left.
You didn't know any spells.
Your spell library was empty.

Dungeon Overview and Level Annotations

Branches:
Dungeon (2/15)

Altars:

Shops:
D:1 *=


Innate Abilities, Weirdness & Mutations

You are mostly covered in sharp spines.


Message History

You barely miss the kobold. The kobold barely misses you.
You barely miss the kobold. The kobold is struck by your spines.
The kobold hits you but does no damage.
You are poisoned.
The kobold closely misses you.
You closely miss the kobold.
The kobold is heavily wounded.
You feel very sick. The kobold hits you but does no damage.
You are more poisoned.
You feel very sick.
You feel very sick.
You feel very sick. The kobold attacks as you move away!
The kobold is struck by your spines.
The kobold hits you with a +1 short sword of venom.
You feel sick.
Okay, then.
You barely miss the kobold.
The kobold is severely wounded.
* * * LOW HITPOINT WARNING * * *
You feel sick. The kobold hits you but does no damage.
You are lethally poisoned!
You completely miss the kobold.
The kobold is severely wounded.
* * * LOW HITPOINT WARNING * * *
You feel very sick. The kobold is struck by your spines.
You kill the kobold!
You have reached level 3!
Your experience leads to an increase in your attributes!
Increase (S)trength, (I)ntelligence, or (D)exterity?
You feel agile. x2; Your demonic ancestry asserts itself...
Sharp spines emerge from more of your body.
It was a potion of might.
You feel very mighty all of a sudden.
* * * LOW HITPOINT WARNING * * *
You feel sick.
It was a potion of resistance.
You feel protected.
You die...

##.##.#.#.##
#..........#
#.†##.#.#.#
#### #..###...#
.....#.......#
#......#..#####
####.#.#..$..>#
#.#.#)######
###.#.#@#
#.....#.######
#.#.##........
#.#.##†.######
# #.........#
####.<###.#
#..# #..# #..#


There were no monsters in sight!

Vanquished Creatures
  2 ball pythons (D:1)
  2 bats (D:1)
  2 endoplasms
  A giant cockroach (D:1)
  A goblin (D:1)
  A hobgoblin (D:1)
  7 jackals (D:1)
  A quokka (D:2)
  3 kobolds
  4 rats
24 creatures vanquished.

Notes
Turn   | Place    | Note
-------+----------+-------------------------------------------
     0 | D:1      | pleonasm the Demonspawn Gladiator began the quest for the
                  | Orb.
     0 | D:1      | Reached XP level 1. HP: 16/16 MP: 1/1
   153 | D:1      | Gained mutation: You are partially covered in sharp spines.
                  | [demonic ancestry]
   153 | D:1      | Reached XP level 2. HP: 22/22 MP: 2/2
   275 | D:1      | Found Qossoovu's General Store.
   552 | D:1      | Found Giczeime's One-of-a-Kind Rings.
   745 | D:2      | Found a faded altar of an unknown god.
   783 | D:2      | Gained mutation: You are mostly covered in sharp spines.
                  | [demonic ancestry]
   783 | D:2      | Reached XP level 3. HP: 2/28 MP: 3/3
   783 | D:2      | HP: 1/28 [poisoned by a kobold]
   784 | D:2      | Succumbed to a kobold's poison

Illustrated notes

Levels and vault maps discovered:
D:1:      onia_arrival_handbag, layout_basic, serial_shops, shop,
          nicolae_shop_unique_rings
D:2:      wad_crossroads, layout_loops_ring, serial_shops, shop,
          ebering_ecumenical_altar_rust, grunt_ministairs_13,
          kennysheep_small_spiral, uniq_robin

Skill      XL: |  1  2 |
---------------+-------+-----
Throwing       | 2 |  2.0
Dodging        | 3 |  3.1
Long Blades    | 3 |  3.0
Fighting       | |  2.5

Action                     || total
---------------------------++-------
  Melee: Long sword        ||    57
  Throw: Stone             ||    10
    Use: Potion            ||     2
   Stab: Sleeping          ||     1
 Armour: Leather armour    ||    25
  Dodge: Dodged            ||    30

Table legend: (Time is in decaauts)
 A = Elapsed time spent in this place.
 B = Non-inter-level travel time spent in this place.
 C = Inter-level travel time spent in this place.
 D = Time resting spent in this place.
 E = Time spent auto-exploring this place.
 F = Levels seen in this place.
 G = Mean time per level.
                   A        B        C        D        E       F      G
               +--------+--------+--------+--------+--------+-----+--------+
         Total |    799 |    751 |     48 |      0 |    534 |   2 |  399.5 |
       Dungeon |    799 |    751 |     48 |      0 |    534 |   2 |  399.5 |
               +--------+--------+--------+--------+--------+-----+--------+

Top non-repeatable levels by time:
     D:1: 756 daAuts
     D:2: 42 daAuts
